 Dungeon Crawl Stone Soup version 0.30-a0-587-gfd7c166f36 (webtiles) character file.

Game seed: 4759361845324246050

697 Citaku the Covered (level 7, -7/61 HPs)
             Began as a Minotaur Fighter on Jan 4, 2023.
             Was an Initiate of Okawaru.
             Mangled by an ogre
             ... wielding a +0 giant spiked club
              (9 damage)
             ... on level 5 of the Dungeon.
             The game lasted 00:05:07 (2494 turns).

Citaku the Covered (Minotaur Fighter)               Turns: 2494, Time: 00:05:08

Health: -7/61      AC: 15    Str: 21    XL:     7   Next: 38%
Magic:  6/6        EV:  6    Int:  5    God:    Okawaru [......]
Gold:   132        SH:  5    Dex: 11    Spells: 6/6 levels left

rFire   . . .      SeeInvis .    a - +0 war axe
rCold   . . .      Faith    .    c - +0 buckler
rNeg    . . .      Spirit   .    e - +0 plate armour
rPois   .          Reflect  .    (helmet restricted)
rElec   .          Harm     .    s - +0 cloak
rCorr   +          Rampage  .    (no gloves)
Will    .....                    r - +0 pair of boots Stlth
                                 (no amulet)
HPRegen 0.30/turn                f - ring of resist corrosion
MPRegen 0.10/turn                (no ring)

@: mighty
A: horns 2, retaliatory headbutt
a: Renounce Religion


You were on level 5 of the Dungeon.
You worshipped Okawaru.
Okawaru was noncommittal.
You visited 2 branches of the dungeon, and saw 5 of its levels.

You collected 132 gold pieces.

Inventory:

Hand Weapons
 a - a +0 war axe (weapon)
Armour
 c - a +0 buckler (worn)
 e - a +0 plate armour (worn)
 r - a +0 pair of boots (worn)
 s - a +0 cloak (worn)
Jewellery
 f - a ring of resist corrosion (left hand)
 p - a ring of magical power
Scrolls
 b - 2 scrolls of teleportation {unknown}
 g - a scroll of blinking {unknown}
 h - a scroll of amnesia {unknown}
 i - a scroll of immolation {unknown}
 k - 3 scrolls of identify {unknown}
 m - a scroll of magic mapping {unknown}
 u - a scroll of fog {unknown}
Potions
 j - a potion of degeneration {unknown}
 l - a potion of brilliance {unknown}
 n - 2 potions of heal wounds {unknown}
 o - 2 potions of cancellation {unknown}
 q - a potion of curing {unknown}
 t - 2 potions of attraction {unknown}


   Skills:
 + Level 5.3 Fighting
 * Level 6.1 Axes
 * Level 6.7 Armour
 + Level 5.3 Shields


You had 6 spell levels left.
You didn't know any spells.
Your spell library contained the following spells:

 Spells                   Type           Power      Damage    Failure   Level
 Beastly Appendage        Tmut           0%         N/A       100%        1
 Ensorcelled Hibernation  Hex/Ice        0%         N/A       100%        2
 Wereblood                Tmut           0%         N/A       100%        2
 Gell's Gravitas          Tloc           0%         N/A       100%        3
 Lesser Beckoning         Tloc           0%         N/A       100%        3
 Spider Form              Tmut/Pois      0%         N/A       100%        3
 Teleport Other           Tloc           0%         N/A       100%        3
 Anguish                  Hex/Necr       0%         N/A       100%        4
 Manifold Assault         Tloc           0%         N/A       100%        4
 Dispersal                Tloc           0%         N/A       100%        6
 Disjunction              Tloc           0%         N/A       100%        8


Dungeon Overview and Level Annotations

Branches:
Dungeon (5/15)             Temple (1/1) D:4

Altars:
Dithmenos
Fedhas
Hepliaklqana
Kikubaaqudgha
Makhleb
Okawaru
Qazlal
Ru
Trog
Uskayaw
Vehumet
Xom
Yredelemnul
Zin
The Shining One


Innate Abilities, Weirdness & Mutations

You have a pair of horns on your head.
You reflexively headbutt those who attack you in melee.


Message History

An ogre comes into view. It is wielding a +0 giant spiked club.
The ogre shouts!
You hit the gargoyle but do no damage.
The gargoyle is severely damaged.
The gargoyle hits you but does no damage.
The gargoyle hurls a stone arrow at you.
You block the stone arrow.
You slash the gargoyle!
The gargoyle is almost destroyed.
The gargoyle hurls a stone arrow at you.
The stone arrow misses you.
You hit the gargoyle.
You destroy the gargoyle!
Okawaru is honoured by your kill.
Your Fighting skill increases to level 5!
Your Axes skill increases to level 6!
Your Armour skill increases to level 6!
Your Shields skill increases to level 5!
You have reached level 7!
Okay, then.
Clearing travel trail.
You close the door, pushing everything out of the way.
The ogre barely misses you.
You barely miss the ogre. You headbutt the ogre.
The ogre is lightly wounded.
The ogre hits you with a +0 giant spiked club.
* * * LOW HITPOINT WARNING * * *
You slash the ogre!
The ogre is moderately wounded.
You block the ogre's attack.
You hit the ogre.
The ogre is heavily wounded.
You hear the slow hiss of a very distant avalanche of sand.
The ogre hits you with a +0 giant spiked club!
* * * LOW HITPOINT WARNING * * *
You barely miss the ogre.
The ogre is heavily wounded.
You hit the ogre. You headbutt the ogre!
The ogre is almost dead.
The ogre hits you with a +0 giant spiked club!
You die...

##........# '..!.....#
#........# ........#
..O....# ... ..#
########## #+# #.#
#........# #.###O#
#+##........# #....@#
#.##.<......# ####..#
##.##.........
#.####..#.##.##.........
#.......#.##.##.........
#####.....##.##.........
#.#.####.##.........
#.#......##.......<.
#.#.........#.#####.
#.#.#######.#.# #.


You could see an ogre.

Vanquished Creatures
  A gargoyle (D:5)
  Edmund (D:4)
  2 phantoms (D:4)
  Crazy Yiuf (D:4)
  A hound (D:5)
  3 adders
  An ufetubus (D:5)
  A worm (D:4)
  A dart slug (D:1)
  5 endoplasms
  4 giant cockroaches
  3 goblins
  5 hobgoblins
  4 jackals (D:1)
  8 kobolds
  3 quokkas
  4 ball pythons
  2 bats (D:2)
  2 rats (D:1)
52 creatures vanquished.

Notes
Turn   | Place    | Note
-------+----------+-------------------------------------------
     0 | D:1      | Citaku the Minotaur Fighter began the quest for the Orb.
     0 | D:1      | Reached XP level 1. HP: 19/19 MP: 0/0
   265 | D:1      | Reached XP level 2. HP: 27/27 MP: 1/1
  1117 | D:2      | Found a faded altar of an unknown god.
  1160 | D:2      | Reached XP level 3. HP: 33/33 MP: 2/2
  1311 | D:2      | You fall into a shaft and drop 2 floors!
  1317 | D:4      | Noticed a phantom
  1334 | D:4      | Killed a phantom
  1335 | D:4      | Reached XP level 4. HP: 41/41 MP: 3/3
  1417 | D:4      | Reached XP level 5. HP: 30/47 MP: 4/4
  1504 | D:4      | Noticed a phantom
  1516 | D:4      | Killed a phantom
  1517 | D:4      | Reached skill level 5 in Armour
  1562 | D:4      | Noticed Edmund
  1570 | D:4      | Killed Edmund
  1571 | D:4      | Reached skill level 5 in Axes
  1571 | D:4      | Reached XP level 6. HP: 52/55 MP: 5/5
  1641 | D:4      | Found a staircase to the Ecumenical Temple.
  1718 | Temple   | Entered the Ecumenical Temple
  1916 | Temple   | Became a worshipper of Warmaster Okawaru
  2125 | D:4      | Found a runed translucent door.
  2126 | D:4      | Noticed Crazy Yiuf
  2132 | D:4      | HP: 1/55 [Crazy Yiuf/+3 quarterstaff of chaos (16)]
  2133 | D:4      | Killed Crazy Yiuf
  2347 | D:5      | Entered Level 5 of the Dungeon
  2470 | D:5      | Noticed a gargoyle
  2483 | D:5      | Killed a gargoyle
  2484 | D:5      | Reached skill level 5 in Fighting
  2484 | D:5      | Reached skill level 5 in Shields
  2484 | D:5      | Reached XP level 7. HP: 9/61 MP: 6/6
  2492 | D:5      | HP: 2/61 [ogre/+0 giant spiked club (8)]
  2494 | D:5      | Mangled by an ogre

Illustrated notes

Levels and vault maps discovered:
D:1:      spicycebolla_arrival_xxxplode, layout_loops_corners,
          chequers_serial_rivers_large_b
D:2:      layout_basic, ebering_ecumenical_altar_sacrificial,
          minmay_tromino_v4_c
D:4:      layout_basic, temple_green, nicolae_underground_beach,
          uniq_crazy_yiuf_cottage, uniq_edmund, uniq_eustachio
D:5:      layout_basic, gup_ossuary_entry_pyramid, minmay_pentangle
Temple:   nicolae_temple_bog_church

Skill      XL: |  1  2  3  4  5  6 |
---------------+-------------------+-----
Armour         | 4 5 6 |  6.7
Axes           | 3 4 5 6 |  6.1
Fighting       | 4 5 |  5.3
Shields        | 4 5 |  5.3

Action                   |  1- 3 |  4- 6 |  7- 9 || total
-------------------------+-------+-------+-------++-------
Melee: War axe           |    83 |    70 |     5 ||   158
       Headbutt          |    13 |     7 |     2 ||    22
  Use: Potion            |       |     2 |       ||     2
Armor: Plate armour      |    75 |    42 |       ||   117
Dodge: Dodged            |    31 |    24 |     1 ||    56
Block: Buckler           |    15 |    18 |     1 ||    34

Table legend: (Time is in decaauts)
 A = Elapsed time spent in this place.
 B = Non-inter-level travel time spent in this place.
 C = Inter-level travel time spent in this place.
 D = Time resting spent in this place.
 E = Time spent auto-exploring this place.
 F = Levels seen in this place.
 G = Mean time per level.
                   A        B        C        D        E       F      G
               +--------+--------+--------+--------+--------+-----+--------+
         Total |   2605 |   2605 |      0 |    182 |   1718 |   5 |  521.0 |
       Dungeon |   2378 |   2378 |      0 |    182 |   1562 |   4 |  594.5 |
        Temple |    227 |    227 |      0 |      0 |    155 |   1 |  227.0 |
               +--------+--------+--------+--------+--------+-----+--------+

Top non-repeatable levels by time:
     D:1: 1103 daAuts
     D:4: 835 daAuts
     D:2: 286 daAuts
  Temple: 227 daAuts
     D:5: 153 daAuts
